Map: 环轨星港

Players

shengy

  • Race: Zerg Zerg
  • League: Platinum

Luxuxiao - Winner!

  • Race: Terran Terran
  • League: Platinum

VOD

Have the link to the VOD?

Description

Time

  • Played on: Dec. 25, 2015, 2:23 p.m.
  • Length: 11:12
Show
View Real Time Build Order
Export as new Build Order

shengy Zerg 

Build Orders: Hatch First 

Get SALT Encoding   

  12  0:01  Drone  
  13  0:09  Drone  
  14  0:17  Overlord  
  14  0:35  Drone x2  
  15  0:36  Drone  
  17  0:46  Drone  
  18  0:57  Hatchery  
  18  1:00  Drone  
  18  1:15  Spawning Pool  
  18  1:18  Drone  
  18  1:21  Drone  
  19  1:38  Overlord  
  19  1:54  Extractor  
  18  2:02  Zergling x6  
  18  2:04  Queen  
  23  2:09  Queen  
  23  2:12  Drone  
  23  2:14  Drone  
  27  2:23  Drone  
  28  2:32  Drone x2  
  28  2:36  Drone  
  31  2:42  Overlord  
  31  2:44  Queen  
  33  2:52  Drone x2  
  33  2:58  Metabolic Boost  
  35  2:59  Drone  
  35  3:03  Drone  
  37  3:10  Drone  
  38  3:13  Drone x2  
  38  3:15  Overlord  
  38  3:16  Drone  
  41  3:25  Drone x3  
  44  3:33  Drone  
  44  3:34  Drone x2  
  47  3:37  Lair  
  47  3:40  Extractor  
  47  3:41  Drone, Extractor  
  45  3:42  Extractor  
  45  3:52  Drone x4  
  49  3:56  Roach Warren  
  49  4:01  Evolution Chamber  
  49  4:02  Drone x5, Evolution Chamber  
  51  4:08  Baneling Nest  
  50  4:19  Overlord x2  
  50  4:28  Zerg Melee Weapons Level 1  
  50  4:35  Zerg Ground Armor Level 1  
  50  4:42  Overlord  
  50  4:43  Drone x4  
  50  4:44  Drone x2  
  49  5:00  Roach x3  
  45  5:34  Drone x2  
  47  5:37  Drone x3  
  47  5:38  Drone x2  
  47  5:41  Infestation Pit  
  51  5:56  Roach x4  
  59  6:01  Overseer  
  59  6:08  Drone x2  
  61  6:18  Hatchery  
  60  6:26  Swarm Host  
  60  6:28  Swarm Host  
  66  6:49  Zerg Ground Armor Level 2  
  66  6:51  Zerg Missile Weapons Level 1  
  64  6:58  Spore Crawler  
  59  7:04  Swarm Host  
  59  7:05  Spore Crawler  
  61  7:32  Queen  
  63  7:49  Spore Crawler  
  63  7:50  Drone x5  
  63  7:51  Drone x2  
  68  8:04  Spire  
  67  8:06  Drone  
  49  9:10  Zergling x18  
  49  9:11  Zergling x12  
  64  9:19  Overlord  
  61  9:37  Mutalisk x7  
  63  9:46  Mutalisk x2, Overlord  
  67  9:56  Mutalisk x2  
  69  10:13  Mutalisk  
  69  10:14  Mutalisk x5  
  69  10:28  Zergling x4  
  69  10:29  Zergling x4  
  69  10:30  Mutalisk  
Show
View Real Time Build Order
Export as new Build Order

Luxuxiao Terran - Winner!

Build Orders:  

Get SALT Encoding   

  12  0:01  SCV  
  13  0:13  SCV  
  14  0:18  Supply Depot  
  14  0:25  SCV  
  15  0:40  SCV  
  16  0:48  Barracks  
  16  0:49  Refinery  
  16  0:52  SCV  
  17  1:04  SCV  
  18  1:17  SCV  
  19  1:31  Command Center  
  19  1:39  Orbital Command  
  19  1:50  Marine  
  20  1:58  Factory  
  20  2:08  SCV  
  21  2:15  Refinery  
  21  2:16  Barracks Tech Lab  
  21  2:20  Supply Depot  
  21  2:32  SCV  
  22  2:44  Factory  
  22  2:45  SCV  
  22  2:49  Orbital Command  
  23  2:56  Hellion  
  23  2:57  Marine  
  26  3:00  SCV  
  28  3:12  SCV  
  28  3:15  Barracks Reactor  
  28  3:22  Infernal Pre-Igniter  
  28  3:24  SCV  
  28  3:25  SCV  
  30  3:29  Hellion  
  32  3:40  SCV  
  32  3:41  SCV  
  34  3:44  Supply Depot  
  34  3:55  Hellion, SCV  
  36  3:56  SCV  
  36  3:58  Hellion x2  
  36  4:00  Barracks Tech Lab  
  42  4:20  Hellion  
  42  4:21  Hellion x2  
  48  4:27  SCV x2  
  48  4:29  Starport  
  48  4:30  Refinery  
  50  4:32  Starport  
  50  4:34  Barracks  
  50  4:36  Concussive Shells  
  50  4:59  Liberator  
  34  5:15  Hellion x3  
  34  5:18  Starport Reactor  
  41  5:21  SCV x2  
  41  5:25  Barracks Reactor  
  41  5:27  Stimpack  
  41  5:28  Marauder  
  45  5:33  SCV x2  
  47  5:41  Siege Tank  
  50  5:45  SCV  
  50  5:47  Supply Depot  
  50  5:48  Supply Depot  
  51  5:51  Marauder  
  53  6:06  Starport Tech Lab  
  53  6:08  Widow Mine x2, SCV  
  53  6:09  SCV  
  59  6:11  Refinery  
  59  6:17  Supply Depot, Marauder, Marine x2  
  63  6:20  Medivac  
  63  6:23  Hellion  
  67  6:29  Banshee  
  70  6:34  Supply Depot  
  70  6:38  Supply Depot, SCV x2, Marine x2  
  70  6:39  Marauder  
  76  6:50  SCV  
  77  7:01  Marauder, Marine  
  79  7:02  Liberator, Widow Mine x2, Marine  
  79  7:03  Liberator  
  91  7:41  Marauder, Marine  
  94  7:46  Supply Depot  
  94  7:47  Supply Depot  
  94  7:52  Supply Depot  
  94  8:06  Barracks  
  94  8:07  Widow Mine x2, Marine  
  94  8:10  Barracks  
  99  8:36  Marine x2  
  99  8:37  Marine  
  94  8:54  Marine x2  
  94  8:55  Marauder  
  96  9:05  Liberator x3  
  93  9:15  Marine x2  
  93  9:16  Marauder  
  97  9:19  Barracks Tech Lab x2  
  105  9:33  Marine  
  99  9:44  Marine  
  99  9:45  Marine x3  
  103  9:47  SCV x2  
  103  9:51  Supply Depot  
  104  9:52  Supply Depot  
  98  10:13  Marine x2  
  98  10:14  Marine x2  
  95  10:17  Marine  
  92  10:31  Marine x3  
  92  10:32  Marine  
  96  10:35  Marine  
  97  10:49  Marine x4  
  100  10:53  Marine  
Tags
 
Add a new tag
Caveats
  • Supply blocks, unpowered buildings, or Contaminate may cause inaccurate times.
  • Supply counts are checked every 10 seconds.